 Dungeon Crawl Stone Soup version 0.18.1-1-g2f07953 (webtiles) character file.

146970 Ryco the Alchemist (level 17, -1/162 HPs)
             Began as an Octopode Transmuter on May 12, 2016.
             Was the Champion of Makhleb.
             Shot with a bolt by a naga sharpshooter (27 damage)
             ... led by Vashnia
             ... on level 3 of the Snake Pit on May 13, 2016.
             The game lasted 03:24:10 (29810 turns).

Ryco the Alchemist (Octopode Transmuter)           Turns: 29810, Time: 03:24:11

Health: -1/162     AC: 16    Str: 24    XL:     17   Next: 45%
Magic:  36/41      EV: 11    Int: 24    God:    Makhleb [******]
Gold:   468        SH:  0    Dex: 12    Spells: 7 memorised, 5 levels left

rFire  + + +     SeeInvis +       - Unarmed
rCold  . . .     Gourm    .     (shield currently unavailable)
rNeg   . . .     Faith    .     (helmet currently unavailable)
rPois  +         Spirit   .     r - amulet of magic regeneration
rElec  .         Dismiss  .     K - +2 ring of intelligence
rCorr  .         Reflect  .     F - ring of protection from cold
SustAt .         Harm     .     O - ring of see invisible
MR     ++...                    S - ring of protection from magic
Stlth  ++........               G - +4 ring of strength
                                L - ring of poison resistance
                                q - ring of magical power
                                A - ring of protection from fire

@: dragon-form, flying, very resistant to hostile enchantments, unstealthy
A: almost no armour, amphibious, 8 rings, (constrict 8), (camouflage 0),
(gelatinous body 0), subdued magic 1
a: End Transformation, Minor Destruction, Lesser Servant of Makhleb, Major
Destruction, Greater Servant of Makhleb, Renounce Religion, Breathe Fire


You were on level 3 of the Snake Pit.
You worshipped Makhleb.
Makhleb was exalted by your worship.
You were not hungry.
You were a fearsome dragon!
You visited 4 branches of the dungeon, and saw 28 of its levels.
You also visited: Ossuary and Volcano.

You collected 2934 gold pieces.
You spent 2466 gold pieces at shops.

Inventory:

Hand Weapons
 u - a +1 demon trident of flaming
Missiles
 a - 517 arrows
 H - 8 steel javelins (quivered)
Armour
 i - a +3 buckler (melded)
Magical Staves
 e - an uncursed staff of energy (melded)
Jewellery
 q - a ring of magical power (on tentacle)
 r - an amulet of magic regeneration (around neck)
 A - a ring of protection from fire (on tentacle)
 F - a ring of protection from cold (right foreclaw)
 G - a +4 ring of strength (on tentacle)
 K - a +2 ring of intelligence (left foreclaw)
 L - a ring of poison resistance (on tentacle)
 O - a ring of see invisible (on tentacle)
 S - a ring of protection from magic (on tentacle)
Wands
 d - a wand of hasting (3/9)
 x - a wand of hasting (3/9)
 E - a wand of disintegration (8/24)
 I - a wand of teleportation (6/9)
 Q - a wand of acid (8/15)
 Y - a wand of iceblast (10/15)
Scrolls
 c - 5 scrolls of fear
 f - 2 scrolls of blinking
 l - 5 scrolls of teleportation
 p - 9 scrolls of remove curse
 s - 2 scrolls of magic mapping
 y - 2 scrolls of amnesia
 T - 3 scrolls of recharging
 V - 3 scrolls of fog
Potions
 g - 3 potions of invisibility
 h - 6 potions of brilliance
 k - 4 potions of agility
 n - 5 potions of flight
 o - 3 potions of curing
 z - a potion of heal wounds
 C - 8 potions of might
 D - 3 potions of ambrosia
 J - a potion of haste
 M - 5 potions of berserk rage
 N - a potion of resistance
 P - 4 potions of magic
 U - 3 potions of lignification
Books
 v - a book of Dreams

   Spells                             Type                      Level
   a - Ensorcelled Hibernation        Hexes/Ice                    2
   b - Silence                        Hexes/Air                    5
   c - Darkness                       Hexes                        6
   d - Shadow Creatures               Summoning                    6
 B - a book of the Earth

   Spells                             Type                      Level
   a - Leda's Liquefaction            Hexes/Earth                  4
   b - Bolt of Magma                  Conjuration/Fire/Earth       5
   c - Statue Form                    Transmutation/Earth          6
   d - Iron Shot                      Conjuration/Earth            6
   e - Shatter                        Earth                        9
 R - a book of Power

   Spells                             Type                      Level
   a - Fulminant Prism                Conjuration/Hexes            4
   b - Iskenderun's Mystic Blast      Conjuration                  4
   c - Venom Bolt                     Conjuration/Poison           5
   d - Bolt of Magma                  Conjuration/Fire/Earth       5
   e - Iron Shot                      Conjuration/Earth            6
   f - Orb of Destruction             Conjuration                  7
   g - Spellforged Servitor           Conjuration/Summoning        7
 W - a book of the Tempests

   Spells                             Type                      Level
   a - Static Discharge               Conjuration/Air              3
   b - Lightning Bolt                 Conjuration/Air              5
   c - Fireball                       Conjuration/Fire             5
   d - Tornado                        Air                          9
   e - Shatter                        Earth                        9
Miscellaneous
 t - an ornate deck of wonders
 X - a phial of floods
Comestibles
 j - 14 meat rations
 w - 2 bread rations


   Skills:
 - Level 7.0 Fighting
 - Level 0.2 Throwing
 - Level 13.0 Dodging
 - Level 3.6 Stealth
 - Level 4.8 Shields
 - Level 10.9 Unarmed Combat
 + Level 11.8 Spellcasting
 * Level 5.2 Charms
 - Level 15.8 Transmutations
   Level 4.7 Ice Magic
 * Level 4.4 Air Magic
 * Level 4.0 Earth Magic
 - Level 8.3 Invocations


You had 5 spell levels left.
You knew the following spells:

 Your Spells              Type           Power        Failure   Level  Hunger
b - Sticks to Snakes      Trmt           ######..     0%          2    None
c - Spider Form           Trmt/Pois      #####.....   1%          3    None
d - Statue Form           Trmt/Erth      #####....    12%         6    #####..
e - Blade Hands           Trmt           ######....   1%          5    ###....
f - Dragon Form           Trmt           ######....   6%          7    ######.
r - Deflect Missiles      Chrm/Air       ####......   87%         6    #####..
v - Aura of Abjuration    Summ           ##........   96%         5    ###....


Dungeon Overview and Level Annotations

Branches:
Dungeon (15/15)            Temple (0/1) D:7            Lair (8/8) D:9
 Shoals (0/4) Lair:3        Snake (3/4) Lair:4        Slime (0/6) Lair:6
    Orc (2/2) D:12            Elf (0/3) Orc:2        Vaults (0/5) D:14
 Depths (0/5) D:15

Altars:
Dithmenos
Elyvilon
Fedhas
Gozag
Makhleb
Okawaru
Pakellas
Qazlal
Ru
Trog
Xom
Yredelemnul
Jiyva

Shops:
D:5 =*?[!   Orc:2 ?:%=   Snake:1 !*   Snake:2 *

Annotations:
Lair:8 exclusion: oklob plant
Snake:3 Nikola


Innate Abilities, Weirdness & Mutations

You cannot wear most types of armour.
You are amphibious.
You can wear up to eight rings at the same time.
((You can use your tentacles to constrict eight enemies at once.))
((Your skin changes colour to match your surroundings (Stealth).))
((Your rubbery body absorbs attacks (AC +1).))
Your spells are a little easier to cast, but a little less powerful.


Message History

Your +3 buckler melds into your body.
The naga warrior loses its grip on you.
You feel sick. The naga warrior hits you with a mace!!
* * * LOW HITPOINT WARNING * * *
The naga sharpshooter spits poison at you.
The splash of poison hits you! You resist.
Unknown command.
The naga warrior blocks your attack.
The naga warrior is almost dead.
Unknown command.
Drink which item? (? for menu, Esc to quit)
You feel better.
The naga sharpshooter mumbles some strange words.
The naga sharpshooter magically shoots a bolt.
The bolt hits you but does no damage. The naga warrior barely misses you.
Unknown command.
The naga warrior blocks your attack.
Your claw misses the naga warrior. The naga warrior blocks your attack.
The naga warrior is almost dead.
The naga sharpshooter shoots a bolt.
The bolt hits you!!
You die...

......... ..... ##
#........ ##... .#
#..####.# ##...## .##
#.## S.##.....###
..##### ..#
...........####.......
.## ....##..##.(.#.†.#
.# .. #..##.......##
## ##..#N).).....# #
#.†.DN##...#..... ..
#...####...##...N.
.... #.....## #..##
..##. ...... ......##
#..# ## .##... ......
#..# ## #.. #.....
#... # .. #..... ....
...#.


You could see a naga warrior and a naga sharpshooter.

Vanquished Creatures
  Saint Roka (Orc:2)
  Roxanne (D:14)
  2 greater nagas (Snake:2)
  An azure jelly (shapeshifter) (D:15)
  Donald (Orc:2)
  Louise (D:15)
  Nessos (D:14)
  Azrael (Orc:2)
  A mottled draconian (Volcano)
  8 vault guards (D:14)
  A rakshasa (D:15)
  4 naga warriors
  6 hydras
  A catoblepas (D:13)
  4 centaur warriors
  6 anacondas
  6 naga sharpshooters
  3 shock serpents
  A wizard (D:15)
  An unseen horror (D:13)
  9 sea snakes (Snake:1)
  A lindwurm (Lair:8)
  4 hill giants
  4 orc knights (Orc:2)
  2 naga ritualists
  4 mana vipers
  8 ugly things
  A cyclops (D:12)
  2 griffons
  A manticore (D:15)
  3 orc sorcerers
  3 deep elf magi
  3 elephants (Lair:6)
  5 salamanders
  Maurice (Orc:2)
  4 centaur zombies
  17 black mambas
  5 naga magi
  A torpor snail (Lair:3)
  4 gargoyles
  12 spiny frogs
  5 rime drakes
  A kobold demonologist (D:12)
  A yaktaur (shapeshifter) (D:15)
  6 komodo dragons
  2 polar bears (shapeshifter)
  A queen bee (Lair:3)
  8 trolls
  10 slime creatures
  3 two-headed ogres
  12 blink frogs
  18 yaks
  A spriggan (Lair:8)
  2 wyverns
  2 shadows (D:15)
  12 hippogriffs
  3 basilisks
  2 vampire mosquitoes (Lair:8)
  2 hungry ghosts
  A mottled dragon (shapeshifter) (D:15)
  3 wargs
  19 nagas
  Duvessa (D:4)
  2 hell hounds (Orc:2)
  12 water moccasins
  9 porcupines
  3 black bears
  2 ice beasts
  2 sky beasts
  35 orc warriors
  2 necrophages (D:12)
  A phantom (D:7)
  18 centaurs
  3 wolves (D:9)
  4 boggarts (D:15)
  12 ogres
  8 crocodiles
  27 giant frogs
  2 big kobolds
  A wyvern skeleton (D:9)
  2 scorpions
  Dowan (D:4)
  14 killer bees
  5 electric eels (Snake:1)
  2 howler monkeys (D:8)
  8 crimson imps
  A quasit (D:12)
  4 hounds
  3 jellies
  3 giant frog zombies
  5 centaur skeletons
  A giant frog skeleton (D:13)
  17 orc priests
  31 orc wizards
  11 iguanas
  12 worker ants
  14 sheep
  2 big kobold zombies (Ossuary)
  3 hound zombies
  2 mummies (Ossuary)
  Robin (D:3)
  A worker ant zombie (D:11)
  8 gnolls
  74 river rats
  11 adders
  A shadow imp (D:12)
  5 oozes
  8 adder zombies (Ossuary)
  2 worms
  6 dart slugs
  5 giant geckos
  93 orcs
  6 giant cockroaches
  4 gnoll zombies (Ossuary)
  7 hobgoblins
  5 jackals
  16 kobolds
  3 quokkas
  2 ball pythons (D:5)
  4 bats
  3 giant newts
  17 goblins
  5 hobgoblin zombies (Ossuary)
  6 kobold zombies (Ossuary)
  7 orc zombies (Ossuary)
  A quokka skeleton (D:4)
  10 rats
  A bush (Lair:8)
  A fungus (Lair:6)
  8 plants (Lair:8)
865 creatures vanquished.

Vanquished Creatures (collateral kills)
  Maud (Lair:7)
  2 hydras
  A dancing weapon (Orc:2)
  3 hill giants
  2 orc knights (Orc:2)
  An orc sorcerer (Orc:1)
  A cyclops (D:12)
  A griffon (Lair:3)
  6 elephants (Lair:6)
  A siren (Lair:3)
  6 spiny frogs
  3 merfolk (Lair:3)
  A troll (Orc:2)
  2 giant leeches (Lair:8)
  5 blink frogs
  A yak (Lair:4)
  Grum (D:9)
  2 fire elementals (Orc:1)
  5 hippogriffs
  2 vampire mosquitoes (Lair:8)
  2 wargs (D:9)
  A water moccasin (Lair:7)
  2 hell hounds (Orc:1)
  9 orc warriors
  A black bear (D:11)
  An ice beast (D:7)
  A phantom (D:7)
  A sky beast (D:14)
  A wolf (D:9)
  3 ogres (Orc:2)
  4 centaurs (Orc:2)
  A crocodile (Lair:7)
  8 giant frogs
  A scorpion (D:9)
  13 killer bees (Lair:3)
  3 howler monkeys (D:14)
  An electric eel (Snake:1)
  A hound (D:7)
  7 orc priests
  7 orc wizards
  2 adders
  A river rat (Lair:8)
  A giant gecko (D:7)
  24 orcs
  A jackal (D:7)
  4 fungi (Lair:7)
148 creatures vanquished.

Vanquished Creatures (others)
  A komodo dragon (D:9)
  11 fungi
  6 plants
18 creatures vanquished.

Grand Total: 1031 creatures vanquished

Notes
Turn   | Place    | Note
--------------------------------------------------------------
     0 | D:1      | Ryco the Octopode Transmuter began the quest for the Orb.
     0 | D:1      | Reached XP level 1. HP: 13/13 MP: 3/3
   126 | D:1      | Reached XP level 2. HP: 18/18 MP: 5/5
   130 | D:1      | Learned a level 2 spell: Sticks to Snakes
   401 | D:1      | Reached XP level 3. HP: 20/23 MP: 4/6
   413 | D:1      | Learned a level 3 spell: Spider Form
   533 | D:2      | Found an opulent altar of Gozag.
   533 | D:2      | Found a burning altar of Makhleb.
   540 | D:2      | Became a worshipper of Makhleb the Destroyer
   973 | D:3      | Reached XP level 4. HP: 27/28 MP: 7/7
   982 | D:3      | Found a bloodstained altar of Trog.
  1029 | D:3      | Noticed Robin
  1037 | D:3      | Reached * piety under Makhleb
  1046 | D:3      | Killed Robin
  1501 | D:3      | Reached skill level 3 in Transmutations
  1768 | D:4      | Reached ** piety under Makhleb
  1768 | D:4      | Reached XP level 5. HP: 26/33 MP: 1/8
  1924 | D:4      | Found a shadowy altar of Dithmenos.
  1924 | D:4      | Found a stormy altar of Qazlal.
  1991 | D:4      | Noticed Dowan
  1998 | D:4      | Noticed Duvessa
  2014 | D:3      | Reached XP level 6. HP: 27/39 MP: 2/10
  2020 | D:3      | Learned a level 4 spell: Ice Form
  2091 | D:4      | Reached skill level 1 in Stealth
  2199 | D:3      | Reached skill level 1 in Invocations
  2507 | D:4      | Killed Duvessa
  2510 | D:4      | Killed Dowan
  2510 | D:4      | Reached XP level 7. HP: 44/45 MP: 2/11
  2886 | D:4      | Reached *** piety under Makhleb
  2977 | D:4      | Reached skill level 1 in Ice Magic
  3049 | D:5      | Entered Level 5 of the Dungeon
  3053 | D:5      | HP: 2/45 [gnoll/flail (5)]
  3364 | D:5      | Found Maaqufum's Distillery.
  3370 | D:5      | Bought a potion of heal wounds for 50 gold pieces
  3370 | D:5      | Bought a potion of heal wounds for 50 gold pieces
  3471 | D:5      | Found a white marble altar of Elyvilon.
  3568 | D:5      | Found Caegyu's Armour Emporium.
  3574 | D:5      | Found Zuabyre's Magic Scroll Emporium.
  3583 | D:5      | Bought a scroll of identify for 22 gold pieces
  3585 | D:5      | Gained mutation: You expend magic power (3 MP) to strengthen your wands. [potion of mutation]
  3585 | D:5      | Gained mutation: You are partially covered in rough black scales (AC +4, Dex -1). [potion of mutation]
  3585 | D:5      | Gained mutation: You are clumsy. (Dex -2) [potion of mutation]
  3586 | D:5      | Lost mutation: You are clumsy. (Dex -2) [potion of cure mutation]
  3586 | D:5      | Lost mutation: You expend magic power (3 MP) to strengthen your wands. [potion of cure mutation]
  3586 | D:5      | Lost mutation: You are partially covered in rough black scales (AC +4, Dex -1). [potion of cure mutation]
  3603 | D:5      | Found Vizeapho's Jewellery Boutique.
  3661 | D:5      | Found Pohoykue's General Store.
  3669 | D:5      | Bought a +0 blowgun for 27 gold pieces
  3895 | D:5      | Reached XP level 8. HP: 50/51 MP: 12/12
  4232 | D:4      | Reached skill level 4 in Transmutations
  4428 | D:6      | Found a sand-covered staircase.
  4474 | D:6      | Reached **** piety under Makhleb
  4573 | Ossuary  | Entered an ossuary
  4853 | D:6      | Reached skill level 5 in Unarmed Combat
  5118 | D:6      | Found a blossoming altar of Fedhas.
  5158 | D:6      | Reached ***** piety under Makhleb
  5587 | D:7      | Found a sacrificial altar of Ru.
  5982 | D:7      | Found a staircase to the Ecumenical Temple.
  6073 | D:7      | Reached XP level 9. HP: 45/57 MP: 11/14
  6125 | D:7      | Reached skill level 5 in Transmutations
  6192 | D:7      | Reached skill level 5 in Dodging
  6261 | D:7      | Learned a level 5 spell: Blade Hands
  7377 | D:9      | Found an iron altar of Okawaru.
  7437 | D:9      | Noticed a four-headed hydra
  7444 | D:9      | Killed a four-headed hydra
  7457 | D:9      | Reached skill level 6 in Transmutations
  7470 | D:9      | Reached XP level 10. HP: 15/63 MP: 12/16
  7758 | D:9      | Found a staircase to the Lair.
  7836 | D:9      | Found a shimmering altar of Xom.
  8044 | D:9      | Noticed Grum
  8060 | D:9      | Killed Grum
  8092 | D:9      | Reached skill level 5 in Spellcasting
  8181 | D:9      | Found an oddly glowing altar of Pakellas.
  8181 | D:9      | Noticed an orange crystal statue
  8331 | D:9      | Found a basalt altar of Yredelemnul.
  8350 | D:10     | Entered Level 10 of the Dungeon
  8504 | D:10     | Noticed a hill giant
  8527 | D:10     | Killed a hill giant
  8954 | D:10     | Reached skill level 7 in Transmutations
  9069 | D:10     | Noticed a hill giant
  9080 | D:10     | Killed a hill giant
  9362 | D:10     | Reached XP level 11. HP: 70/70 MP: 15/19
  9415 | D:11     | Noticed a hill giant
  9424 | D:11     | Killed a hill giant
  9445 | D:11     | Found a sacrificial altar of Ru.
  9499 | D:11     | Reached skill level 1 in Shields
  9653 | D:11     | Noticed a green ugly thing
  9720 | D:11     | Noticed a hill giant
  9732 | D:11     | Killed a hill giant
  9994 | Lair:1   | Entered Level 1 of the Lair of Beasts
 11694 | Lair:2   | Reached skill level 5 in Fighting
 11857 | Lair:3   | Found a staircase to the Shoals.
 11960 | Lair:3   | Reached skill level 10 in Dodging
 11987 | Lair:3   | Noticed a griffon
 12002 | Lair:3   | Killed a griffon
 12013 | Lair:3   | Learned a level 7 spell: Dragon Form
 12491 | Lair:3   | Reached skill level 8 in Transmutations
 13008 | Lair:3   | Reached XP level 12. HP: 75/77 MP: 21/21
 13371 | Lair:4   | Found a staircase to the Snake Pit.
 13482 | Lair:4   | Reached skill level 9 in Transmutations
 13622 | Lair:4   | Noticed a seven-headed hydra
 13637 | Lair:4   | Killed a seven-headed hydra
 14280 | Lair:4   | Identified a scroll of acquirement
 15077 | Lair:6   | Found a viscous altar of Jiyva.
 15077 | Lair:6   | Found a staircase to the Slime Pits.
 15765 | Lair:6   | Reached skill level 10 in Transmutations
 16002 | Lair:7   | Reached XP level 13. HP: 58/83 MP: 24/24
 16035 | Lair:7   | Reached ****** piety under Makhleb
 16390 | Lair:7   | Noticed Maud
 16419 | Lair:7   | Killed Maud
 17457 | Lair:8   | Entered Level 8 of the Lair of Beasts
 17501 | Lair:8   | Reached skill level 11 in Transmutations
 17883 | Lair:8   | Found a dark tunnel.
 17889 | Volcano  | Entered a volcano
 17986 | Volcano  | Noticed a mottled draconian
 18018 | Volcano  | Killed a mottled draconian
 18283 | Lair:8   | Reached skill level 10 in Unarmed Combat
 19033 | D:5      | Bought a potion of magic for 80 gold pieces
 19033 | D:5      | Bought a potion of berserk rage for 50 gold pieces
 19033 | D:5      | Bought a potion of curing for 30 gold pieces
 19757 | D:12     | Got an ebony quarterstaff {crush}
 19778 | D:12     | Identified the +8 quarterstaff of Parts Unknown {crush, rF- MR+ Int+4} (You took it off an orc on level 12 of the Dungeon)
 19962 | D:12     | Reached skill level 12 in Transmutations
 19996 | D:12     | Reached XP level 14. HP: 88/88 MP: 26/26
 20049 | D:12     | Found a staircase to the Orcish Mines.
 20074 | Orc:1    | Entered Level 1 of the Orcish Mines
 20823 | Orc:2    | Entered Level 2 of the Orcish Mines
 20823 | Orc:2    | Noticed Azrael
 21139 | Orc:2    | Killed Azrael
 21275 | Orc:2    | HP: 1/88 [war axe of chopping (7)]
 21937 | Orc:2    | Found a staircase to the Elven Halls.
 21957 | Orc:2    | Noticed Donald
 21960 | Orc:2    | Gained mutation: Your spells are a little easier to cast, but a little less powerful. [miscasting Dragon Form]
 22143 | Orc:2    | Killed Donald
 22143 | Orc:2    | Reached skill level 13 in Transmutations
 22169 | Orc:2    | Noticed Maurice
 22206 | Orc:2    | Killed Maurice
 23474 | Orc:2    | Learned a level 5 spell: Aura of Abjuration
 23539 | Orc:2    | Found Dimpoll's Magic Scroll Shop.
 23540 | Orc:2    | Found Vuabodif's Food Emporium.
 23540 | Orc:2    | Found Libeig's Book Boutique.
 23543 | Orc:2    | Found Akleodonwo's Jewellery Shoppe.
 23552 | Orc:2    | Bought a scroll of identify for 30 gold pieces
 23552 | Orc:2    | Bought a scroll of blinking for 112 gold pieces
 23553 | Orc:2    | Reached XP level 15. HP: 90/94 MP: 28/28
 23576 | Orc:2    | Noticed Saint Roka
 23630 | Orc:2    | Reached skill level 10 in Spellcasting
 23634 | Orc:2    | Killed Saint Roka
 23650 | Orc:2    | Bought a book of the Sky for 845 gold pieces
 23657 | Orc:2    | Learned a level 6 spell: Deflect Missiles
 24043 | Orc:2    | Reached skill level 14 in Transmutations
 24337 | Orc:1    | Found a bloodstained altar of Trog.
 25894 | D:13     | Reached XP level 16. HP: 99/99 MP: 30/30
 25946 | D:14     | Found a gate to the Vaults.
 25988 | D:14     | Reached skill level 15 in Transmutations
 26092 | D:14     | Noticed Nessos
 26113 | D:14     | Killed Nessos
 26119 | D:14     | Reached skill level 1 in Charms
 26228 | D:14     | Noticed Roxanne
 26247 | D:14     | Killed Roxanne
 26247 | D:14     | Reached skill level 1 in Air Magic
 26314 | D:15     | Entered Level 15 of the Dungeon
 26516 | D:15     | Found a staircase to the Depths.
 26519 | D:15     | Noticed an azure jelly
 26519 | D:15     | an emperor scorpion changed into an azure jelly
 26523 | D:15     | Killed an azure jelly
 26647 | D:15     | Learned a level 6 spell: Statue Form
 26689 | D:15     | Noticed Louise
 26697 | D:15     | Killed Louise
 26941 | D:15     | Reached skill level 1 in Earth Magic
 27538 | Snake:1  | Entered Level 1 of the Snake Pit
 27538 | Snake:1  | Found Toimilab's Tempting Trifles.
 27554 | Snake:1  | Bought a wand of teleportation (6/9) for 450 gold pieces
 27554 | Snake:1  | Bought a scroll of teleportation for 45 gold pieces
 27790 | Snake:1  | Found Yhuwimp's Distillery.
 27811 | Snake:1  | Bought a potion of heal wounds for 75 gold pieces
 27811 | Snake:1  | Bought a potion of curing for 45 gold pieces
 27811 | Snake:1  | Bought a potion of might for 60 gold pieces
 27811 | Snake:1  | Bought a potion of might for 60 gold pieces
 27811 | Snake:1  | Bought a potion of magic for 120 gold pieces
 27811 | Snake:1  | Bought a potion of invisibility for 120 gold pieces
 27811 | Snake:1  | Bought a potion of might for 60 gold pieces
 28226 | Snake:2  | Noticed a greater naga
 28230 | Snake:2  | Noticed a greater naga
 28231 | Snake:2  | Killed a greater naga
 28243 | Snake:2  | Killed a greater naga
 28663 | Snake:2  | Reached XP level 17. HP: 107/107 MP: 32/32
 28685 | Snake:2  | Found Mapniot's Assorted Antiques.
 28698 | Snake:2  | Bought a potion of curing for 135 gold pieces
 29675 | Snake:3  | Noticed Nikola
 29708 | Snake:3  | Reached skill level 5 in Charms
 29810 | Snake:3  | Shot with a bolt by a naga sharpshooter

Skill      XL: |  1  2  3  4  5  6  7  8  9 10 11 12 13 14 15 16 17 |
---------------+----------------------------------------------------+-----
Unarmed Combat | 4 5 6 7 8 9 10 | 10.9
Transmutations | 3 4 6 7 8 10 12 13 14 15 | 15.8
Fighting       | 2 3 4 5 6 7 |  7.0
Dodging        | 3 4 6 8 10 11 12 13 | 13.0
Stealth        | 2 3 |  3.6
Invocations    | 3 4 8 |  8.3
Ice Magic      | 1 3 4 |  4.7
Spellcasting   | 3 4 5 6 7 8 9 10 11 | 11.8
Shields        | 4 |  4.8
Charms         | 3 5 |  5.2
Air Magic      | 3 4 |  4.4
Earth Magic    | 2 4 |  4.0
Throwing       | |  0.2

Action                   |  1- 3 |  4- 6 |  7- 9 | 10-12 | 13-15 | 16-18 || total
-------------------------+-------+-------+-------+-------+-------+-------++-------
Melee: Unarmed           |    75 |   152 |   449 |   786 |  1119 |   480 ||  3061
       Tentacles         |     9 |    10 |    41 |    17 |    43 |    13 ||   133
       Constrict         |    13 |    19 |    58 |    29 |    24 |     6 ||   149
       Kick              |     6 |       |       |       |       |       ||     6
       Punch             |       |     4 |    15 |     5 |    28 |    33 ||    85
       Bite              |       |       |       |       |    15 |    42 ||    57
       Tailslap          |       |       |       |       |    16 |    54 ||    70
       Staff             |       |       |       |       |       |     6 ||     6
 Fire: Blowgun           |       |       |     2 |    14 |     5 |       ||    21
Throw: Tomahawk          |       |     1 |       |       |       |       ||     1
       Javelin           |       |       |     7 |     4 |     6 |     1 ||    18
 Cast: Beastly Appendage |     9 |     2 |       |       |       |       ||    11
       Spider Form       |     3 |    13 |    31 |    59 |    52 |     2 ||   160
       Sticks to Snakes  |       |     3 |     9 |    54 |    77 |     9 ||   152
       Ice Form          |       |       |     1 |    21 |     9 |       ||    31
       Blade Hands       |       |       |       |     2 |     4 |     1 ||     7
       Dragon Form       |       |       |       |       |    12 |    25 ||    37
       Statue Form       |       |       |       |       |       |     6 ||     6
Invok: Lesser Servant of |       |       |    10 |    21 |    35 |     9 ||    75
 Abil: Evoke Flight      |       |       |     1 |     2 |       |       ||     3
       End Transformatio |       |       |       |     2 |    19 |    10 ||    31
       Breathe Fire      |       |       |       |       |     3 |     7 ||    10
Evoke: Wand              |       |       |       |       |     3 |       ||     3
  Use: Scroll            |     1 |     3 |    12 |    23 |     9 |     6 ||    54
       Potion            |       |       |     4 |     4 |     8 |     4 ||    20
 Stab: Sleeping          |     4 |     4 |    17 |    22 |    11 |     3 ||    61
       Distracted        |     1 |     2 |     2 |     6 |    11 |     1 ||    23
       Invisible         |       |       |       |       |     2 |       ||     2
  Eat: Fruit             |     2 |       |       |    11 |     3 |       ||    16
       Chunk             |       |     4 |     9 |     4 |     8 |     5 ||    30
       Bread ration      |       |     1 |     1 |       |     3 |     4 ||     9
       Pizza             |       |       |     2 |     8 |     1 |     1 ||    12
       Royal jelly       |       |       |     1 |     8 |     3 |     1 ||    13
       Beef jerky        |       |       |     1 |     5 |     3 |     2 ||    11
Armor: Skin              |     4 |    10 |    17 |    54 |   154 |   199 ||   438
Dodge: Dodged            |    33 |    92 |   321 |   683 |   933 |   221 ||  2283
Block: Buckler           |       |       |       |     9 |    28 |    29 ||    66
